cohdb
Replays
Latest Replays
All Replays
Popular Replays
Top Player Replays
Match Explorer
How It Works
Community
CoH3 Stats
Reddit
Sign in to upload your games and track your stats! →
Sign in with Steam
Match 44024451
Unlisted
Match 44024451
Overview
Messages
Build Orders
End
Kettenkrad Recon Vehicle
Construct Infanterie Kompanie
MG 42 Machine Gun Team
Grenadier Squad
Grenadier Squad
Grenadier Squad
Selects Terror Battlegroup
Selects Machine Gun Camouflage
Selects Interrogate
GrW 34 Mortar Team
Construct Panzergrenadier Kompanie
Panzergrenadier Squad
Panzergrenadier Squad
Pak 40 Anti-tank Gun Team
Selects Propaganda Leaflet Drop
Panzergrenadier Squad
MG 42 Machine Gun Team
251 Medium Carrier
Panzergrenadier Squad
Selects No Quarter
DieJungeDüse
SmokeDrugs play Stugs
alcabrot
dan legend
MonkeySpoon
Mr. Pickles
0
0
Comments
sign in to comment!
No comments posted yet!